 Dungeon Crawl Stone Soup version 0.29-a0-541-gaf1fc19f1b (webtiles) character file.

Game seed: 7729568752775321091

906 Flugkiller the Skirmisher (level 8, -2/65 HPs)
             Began as a Meteoran Chaos Knight on June 2, 2022.
             Was a Plaything of Xom.
             Slain by a phantom (6 damage)
             ... on level 4 of the Dungeon.
             The game lasted 00:06:09 (1339 turns).

Flugkiller the Skirmisher (Meteoran Chaos Knight)   Turns: 1339, Time: 00:06:10

Health: -2/65      AC:  5    Str: 14 (15) XL:     8   Next: 54%
Magic:  13/13      EV: 14    Int: 11 (13) God:    Xom [.*....]
Gold:   151        SH:  0    Dex: 11 (13) Spells: 13/13 levels left

rFire   . . .      SeeInvis .   n - +2 short sword (venom)
rCold   . . .      Faith    .   (no shield)
rNeg    . . .      Spirit   .   b - +2 leather armour
rPois   .          Reflect  .   (no helmet)
rElec   .          Harm     .   (no cloak)
rCorr   .          Rampage  .   (no gloves)
Will    .....                   (no boots)
Stlth   +.........              (no amulet)
HPRegen 0.20/turn               (no ring)
MPRegen 0.13/turn               (no ring)

@: weak-willed, on berserk cooldown, slowed, glowing, very slow
A: sense surroundings 1, otherworldly, glowing, explore regen, talons 1, dopey
1, frail 1, screaming 1
a: Renounce Religion


You were on level 4 of the Dungeon.
You worshipped Xom.
You were a plaything of Xom.
You visited 1 branch of the dungeon, and saw 5 of its levels.

You collected 151 gold pieces.

Inventory:

Hand Weapons
 a - a +0 hand axe of chaos
 n - a +2 short sword of venom (weapon)
   (You took it off an orc on level 3 of the Dungeon)
 p - a +0 war axe of flaming
   (You found it on level 4 of the Dungeon)
 t - a +0 trident
   (You took it off an orc on level 5 of the Dungeon)
Armour
 b - a +2 leather armour (worn)
 g - a +0 chain mail
   (You found it on level 2 of the Dungeon)
 i - a +0 kite shield
   (You found it on level 2 of the Dungeon)
Magical Staves
 k - a staff of fire
   (You found it on level 2 of the Dungeon)
Jewellery
 s - a ring of ice
   (You found it on level 4 of the Dungeon)
Scrolls
 f - a scroll of acquirement {unknown}
 l - a scroll of poison {unknown}
 o - a scroll of enchant weapon {unknown}
 r - a scroll of magic mapping {unknown}
 u - a scroll of teleportation {unknown}
Potions
 j - a potion of degeneration
 q - 3 potions of curing
Miscellaneous
 c - a piece from Xom's chessboard (15/15) (quivered)


   Skills:
 + Level 7.3 Fighting
 - Level 3.6 Axes
 - Level 2.4 Armour
 + Level 7.2 Dodging
 - Level 3.0 Spellcasting


You had 13 spell levels left.
You didn't know any spells.
Your spell library contained the following spells:

 Spells                   Type           Power      Damage    Failure   Level
 Magic Dart               Conj           4%         1d3       32%         1
 Call Imp                 Summ           1%         N/A       43%         2
 Mephitic Cloud           Conj/Pois/Air  1%         N/A       67%         3
 Ozocubu's Armour         Ice            1%         N/A       67%         3
 Portal Projectile        Hex/Tloc       2%         N/A       67%         3
 Tukima's Dance           Hex            1%         N/A       67%         3
 Blade Hands              Tmut           0%         N/A       100%        5
 Metabolic Englaciation   Hex/Ice        0%         N/A       100%        5
 Simulacrum               Ice/Necr       0%         N/A       100%        6


Dungeon Overview and Level Annotations

Branches:
Dungeon (5/15)
 Temple: D:4-7

Altars:

Annotations:
Abyss:1 Sigmund


Innate Abilities, Weirdness & Mutations

You passively map a small area around you.
You are easily found by Zot.
You glow in the dark.
You regain HP and MP as you explore.
You have sharp toenails.
You are dopey. (Int -2)
You are frail. (-10% HP)
You occasionally shout uncontrollably at your foes.


Message History

There was something very wrong with that liquid.
You feel weakened.
You feel dopey.
You feel clumsy. The hound barely misses you.
The kobold brigand hits you with a +0 dagger.
The hound bites you but does no damage.
It was a potion of berserk rage.
A red film seems to cover your vision as you go berserk!
You feel yourself moving faster!
You feel mighty!
Xom thinks this is hilarious!
The hound misses you. The kobold brigand misses you.
You closely miss the kobold brigand.
The kobold brigand is severely wounded.
The hound misses you.
The kobold brigand hits you with a +0 dagger.
You puncture the kobold brigand!
You kill the kobold brigand!
The hound barely misses you.
You barely miss the hound. You claw the hound!
The hound is severely wounded.
The hound closely misses you. The jackal closely misses you.
You puncture the hound!
You kill the hound!
The jackal bites you but does no damage.
You feel your intelligence returning.
You closely miss the jackal. You claw the jackal.
You kill the jackal!
Items here: ( ) ††.
You feel a strong urge to attack something.
You are no longer berserk.
You are exhausted.
You feel yourself slow down. "How about this?"
Your eyebrows wriggle.
You hit the phantom.
The phantom is moderately damaged.
The phantom seems less confused.
The phantom hits you. The phantom misses you.
You closely miss the phantom. Your kick misses the phantom.
The phantom is moderately damaged.
The phantom hits you.
The phantom hits you but does no damage.
You hit the phantom. Your kick misses the phantom.
The phantom is heavily damaged.
The phantom hits you.
* * * LOW HITPOINT WARNING * * *
The phantom blinks!
You blink.
You closely miss the phantom.
The phantom is heavily damaged.
The phantom completely misses you. x2
You closely miss the phantom. Your kick misses the phantom.
The phantom is heavily damaged.
You hear Xom's avuncular chuckle.
The phantom flickers and vanishes!
Deactivating autopickup; reactivate with Ctrl-A.
Something hits you.
* * * LOW HITPOINT WARNING * * *
You blink.
You completely miss something. Your kick misses something. Something hits you.
* * * LOW HITPOINT WARNING * * *
You blink.
Something hits you.
* * * LOW HITPOINT WARNING * * *
You blink.
An orc wizard comes into view. It is wielding a +0 quarterstaff.
The orc wizard moves out of view.
Something hits you.
* * * LOW HITPOINT WARNING * * *
Something hits you but does no damage.
As you read the scroll labelled OZASITHO RUZI {god gift}, it crumbles to dust.
It is a scroll of brand weapon.
Your +0 war axe is engulfed in flames!
p - a +0 war axe of flaming Something hits you but does no damage.
Unknown command.
Okay, then.
As you read the scroll labelled HASUINW LIXIOG, it crumbles to dust.
Magic quickly surges around you.
It was a scroll of vulnerability.
Something hits you but does no damage. Something hits you.
* * * LOW HITPOINT WARNING * * *
You blink.
Something hits you but does no damage.
There is a stone staircase leading up here.
Something hits you but does no damage. Something hits you.
* * * LOW HITPOINT WARNING * * *
You climb upwards.
Reactivating autopickup.
There is a stone staircase leading down here.
Deactivating autopickup; reactivate with Ctrl-A.
You miss something. You claw something. Something hits you.
* * * LOW HITPOINT WARNING * * *
You blink.
As you read the scroll labelled POXTUT LOIN, it crumbles to dust.
Wisps of shadow whirl around you...
It was a scroll of summoning.
Something hits you but does no damage. Something hits you.
* * * LOW HITPOINT WARNING * * *
You swap places.
Something hits you but does no damage. Something hits your giant cockroach.
Your giant cockroach blinks!
You swap places.
Your giant cockroach barely misses something.
Something hits you.
You die...

...## #.####.# ,
,, ## #.#....# ,
###.#.#* , , , *
####.....##### ,
#....#.###....,
#..........#
#....>.....# *
..#**##....B.og..#
**
#...##......S@...#
#...........>^.#
##....)[.......#
#...........>.#
#...###########
#... ####


You could see a friendly orc (summoned), a friendly giant cockroach (summoned),
a friendly hobgoblin (summoned) and a friendly ball python (summoned).

Vanquished Creatures
  3 ogres
  2 centaurs (D:5)
  A kobold brigand (D:5)
  A scorpion (D:4)
  2 orc priests
  A hound (D:5)
  An iguana (D:4)
  3 adders
  A white imp (D:5)
  4 dart slugs
  14 orcs
  4 endoplasms
  5 giant cockroaches
  3 goblins
  2 hobgoblins
  10 jackals
  2 ball pythons (D:1)
  5 kobolds
  4 rats
68 creatures vanquished.

Vanquished Creatures (collateral kills)
  An endoplasm (D:1)
1 creature vanquished.

Grand Total: 69 creatures vanquished

Notes
Turn   | Place    | Note
-------+----------+-------------------------------------------
     0 | D:1      | Flugkiller the Meteoran Chaos Knight began the quest for
                  | the Orb.
     0 | D:1      | Reached XP level 1. HP: 19/19 MP: 2/2
    42 | D:1      | XOM: silly message
    88 | D:1      | Reached XP level 2. HP: 10/26 MP: 3/3
   236 | D:1      | Reached XP level 3. HP: 33/33 MP: 4/4
   268 | D:1      | XOM: cloud trail
   436 | D:2      | Noticed Sigmund
   443 | D:2      | Banished Sigmund
   444 | D:2      | Reached skill level 5 in Fighting
   444 | D:2      | Reached XP level 4. HP: 11/42 MP: 5/5
   444 | D:2      | Reached XP level 5. HP: 13/48 MP: 6/6
   444 | D:2      | Reached XP level 6. HP: 15/56 MP: 7/7
   669 | D:2      | Reached skill level 1 in Spellcasting
   761 | D:2      | Found a faded altar of an unknown god.
   789 | D:2      | XOM: cloud trail
   936 | D:3      | XOM: god gift: scroll labelled OZASITHO RUZI {god gift}
   951 | D:3      | Reached skill level 5 in Dodging
   999 | D:3      | XOM: give mutations
   999 | D:3      | Gained mutation: You occasionally shout uncontrollably at
                  | your foes. [Xom's mischief]
   999 | D:3      | Gained mutation: You are frail. (-10% HP) [Xom's mischief]
   999 | D:3      | Gained mutation: You are dopey. (Int -2) [Xom's mischief]
   999 | D:3      | Gained mutation: You have sharp toenails. [Xom's mischief]
  1071 | D:4      | Reached XP level 7. HP: 55/55 MP: 9/11
  1161 | D:4      | XOM: divination: magic mapping
  1180 | D:5      | Entered Level 5 of the Dungeon
  1189 | D:5      | XOM: cleaving
  1195 | D:5      | XOM: potion effect (heal wounds)
  1199 | D:5      | XOM: potion effect (haste)
  1222 | D:5      | XOM: cast spell 'Leda's Liquefaction'
  1227 | D:5      | Reached XP level 8. HP: 36/63 MP: 13/13
  1272 | D:4      | XOM: silly message
  1303 | D:5      | XOM: confuse monster(s)
  1323 | D:5      | XOM: silly message
  1328 | D:5      | XOM: enchant monster (bad)
  1337 | D:4      | HP: 3/65 [something (2)]
  1339 | D:4      | Slain by a phantom

Illustrated notes

Levels and vault maps discovered:
D:1:      elethiomel_arrival_infinity_welcomes_careful_drivers,
          layout_loops_ring, serial_glass, glass_columns_a, glass_columns_b,
          glass_columns_a, glass_columns_b, glass_columns_b, glass_columns_b,
          item_on_display_a, minmay_strange_pillars
D:2:      layout_loops_corners, dreamdust_ecumenical_altar_statues,
          uniq_crazy_yiuf_cottage, uniq_sigmund
D:3:      layout_loops_cross, minmay_misc_feat_doors
D:4:      layout_rooms, corexii_corridor_pit
D:5:      layout_cave_pools, serial_shops, nicolae_take_the_stairs,
          minmay_checkerbox

Skill      XL: |  1  2  3  4  5  6  7  8 |
---------------+-------------------------+-----
Dodging        | 2 4 5 6 7 |  7.2
Fighting       | 5 6 7 |  7.3
Spellcasting   | 2 3 |  3.0
Axes           | |  3.6
Armour         | |  2.4

Action                   |  1- 3 |  4- 6 |  7- 9 || total
-------------------------+-------+-------+-------++-------
Melee: Hand axe          |    58 |    70 |       ||   128
       Punch             |     1 |     1 |     1 ||     3
       Short sword       |       |     3 |    84 ||    87
       Kick              |       |     1 |    23 ||    24
Evoke: Piece from Xom's  |       |       |     2 ||     2
  Use: Scroll            |       |       |     3 ||     3
       Potion            |       |       |     3 ||     3
 Stab: Confused          |       |     1 |     1 ||     2
       Paralysed         |       |     1 |       ||     1
Armor: Leather armour    |    21 |    34 |    34 ||    89
Dodge: Dodged            |    34 |    51 |    68 ||   153

Table legend: (Time is in decaauts)
 A = Elapsed time spent in this place.
 B = Non-inter-level travel time spent in this place.
 C = Inter-level travel time spent in this place.
 D = Time resting spent in this place.
 E = Time spent auto-exploring this place.
 F = Levels seen in this place.
 G = Mean time per level.
                   A        B        C        D        E       F      G
               +--------+--------+--------+--------+--------+-----+--------+
         Total |   1351 |   1331 |     20 |      0 |      0 |   5 |  270.2 |
       Dungeon |   1351 |   1331 |     20 |      0 |      0 |   5 |  270.2 |
               +--------+--------+--------+--------+--------+-----+--------+

Top non-repeatable levels by time:
     D:2: 522 daAuts
     D:1: 357 daAuts
     D:3: 198 daAuts
     D:4: 170 daAuts
     D:5: 101 daAuts
